 Dungeon Crawl Stone Soup version 0.27-b1-23-g44b8eac545 (webtiles) character file.

Game seed: 802995314464802550

67 qpzil the Cudgeller (level 3, -2/31 HPs)
             Began as a Minotaur Berserker on July 27, 2021.
             Was a Believer of Trog.
             Slain by a worm (5 damage)
             ... on level 2 of the Dungeon.
             The game lasted 00:01:57 (981 turns).

qpzil the Cudgeller (Minotaur Berserker)             Turns: 981, Time: 00:01:58

Health: -2/31      AC:  7    Str: 22    XL:     3   Next: 98%
Magic:  2/2        EV: 10    Int:  4    God:    Trog [**....]
Gold:   106        SH:  0    Dex:  9    Spells: 2/2 levels left

rFire    . . .     SeeInvis .   a - +0 mace
rCold    . . .     Faith    .   (no shield)
rNeg     . . .     Spirit   .   d - +1 scale mail {Will+}
rPois    .         Reflect  .   (helmet restricted)
rElec    .         Harm     .   (no cloak)
rCorr    .         Rampage  .   (no gloves)
Will     +....                  (no boots)
Stlth    ..........             (no amulet)
HPRegen  0.10/turn              (no ring)
MPRegen  0.08/turn              (no ring)

@: no status effects
A: horns 2, retaliatory headbutt
a: Renounce Religion, Berserk, Trog's Hand


You were on level 2 of the Dungeon.
You worshipped Trog.
Trog was pleased with you.
You visited 1 branch of the dungeon, and saw 2 of its levels.

You collected 106 gold pieces.

Inventory:

Hand Weapons
 a - a +0 mace (weapon)
Armour
 d - a +1 scale mail of willpower (worn)
Scrolls
 b - 2 scrolls of identify {unknown}
 c - 3 scrolls of noise {unknown}
 e - a scroll of teleportation {unknown}
 j - a scroll of brand weapon {unknown}
Potions
 f - a potion of mutation {unknown}
 g - a potion of might {unknown}
 h - a potion of cancellation {unknown}
 i - a potion of curing {unknown}


   Skills:
 - Level 3.6 Fighting
 + Level 5.9 Maces & Flails
 - Level 2.4 Armour
 - Level 2.1 Dodging


You had 2 spell levels left.
You didn't know any spells.
Your spell library was empty.

Dungeon Overview and Level Annotations

Branches:
Dungeon (2/15)

Altars:


Innate Abilities, Weirdness & Mutations

You have a pair of horns on your head.
You reflexively headbutt those who attack you in melee.


Message History

You closely miss Terence.
Terence is almost dead.
Terence closely misses you.
You closely miss Terence. You headbutt Terence, but do no damage.
Terence is almost dead.
Terence hits you with a +0 mace.
You are too injured to fight recklessly!
You are too injured to fight recklessly!
You are too injured to fight recklessly!
You are too injured to fight recklessly!
You are too injured to fight recklessly!
You are too injured to fight recklessly!
You are too injured to fight recklessly!
You completely miss Terence.
Terence is almost dead.
Terence hits you but does no damage.
You hit Terence.
You kill Terence!
Trog accepts your kill.
The ball python bites you but does no damage.
The ball python grabs you. The ball python constricts you.
You hit the ball python.
The ball python is moderately wounded.
The ball python bites you but does no damage.
The ball python constricts you.
You sock the ball python!
You kill the ball python!
Trog accepts your kill. The worm bites you!
* * * LOW HITPOINT WARNING * * *
Found 10 gold pieces.
Things that are here:
a +0 mace; a +0 ring mail You hit the worm but do no damage.
The worm bites you but does no damage.
You hit the worm but do no damage. You hit the worm but do no damage.
The worm bites you.
* * * LOW HITPOINT WARNING * * *
You hit the worm but do no damage. Your headbutt misses the worm.
The worm bites you.
You die...

$#. #.# ..
?.# #.. #.###
###..##...
.........#
#......###.##
#....w......#
... #@# #.#
#.# #.# #.#
#.# #.# #.#
#.# #.# #.#
####.###.#
#........#
#)#.######


You could see a worm.

Vanquished Creatures
  Terence (D:2)
  3 dart slugs (D:1)
  A ball python (D:2)
  8 bats (D:1)
  2 endoplasms (D:1)
  2 giant cockroaches (D:1)
  5 goblins
  3 hobgoblins (D:1)
  2 quokkas (D:1)
  A frilled lizard (D:1)
  A kobold (D:1)
  4 rats (D:1)
33 creatures vanquished.

Notes
Turn   | Place    | Note
-------+----------+-------------------------------------------
     0 | D:1      | qpzil the Minotaur Berserker began the quest for the Orb.
     0 | D:1      | Reached XP level 1. HP: 19/19 MP: 0/0
   104 | D:1      | Found a faded altar of an unknown god.
   113 | D:1      | Reached skill level 4 in Maces & Flails
   161 | D:1      | Reached XP level 2. HP: 26/26 MP: 1/1
   366 | D:1      | Reached skill level 5 in Maces & Flails
   472 | D:1      | Reached ** piety under Trog
   474 | D:1      | Reached XP level 3. HP: 31/31 MP: 2/2
   961 | D:2      | Noticed Terence
   974 | D:2      | Killed Terence
   981 | D:2      | Slain by a worm

Illustrated notes

Levels and vault maps discovered:
D:1:      dpeg_arrival_signposts, layout_basic,
          hellmonk_ecumenical_altar_lost_god, item_on_display_a
D:2:      layout_loops_ring, kennysheep_big_empty_room,
          small_statue_intersection, hangedman_decor_points,
          nrook_mini_backslash, supply_closet_lemuel, uniq_terence

Skill      XL: |  1  2 |
---------------+-------+-----
Maces & Flails | 4 5 |  5.9
Fighting       | |  3.6
Armour         | |  2.4
Dodging        | |  2.1

Action                   || total
-------------------------++-------
Melee: Mace              ||    71
       Headbutt          ||     8
Armor: Scale mail        ||    31
       Animal skin       ||     2
Dodge: Dodged            ||    38
